 Dungeon Crawl Stone Soup version 0.24-a0-439-g6dd8730de2 (webtiles) character file.

Game seed: 9710116310701162379

74 theanonym the Slasher (level 4, -2/33 HPs)
             Began as a Mummy Warper on June 17, 2019.
             Slain by a river rat (7 damage)
             ... on level 3 of the Dungeon.
             The game lasted 00:02:35 (2362 turns).

theanonym the Slasher (Mummy Warper)                Turns: 2362, Time: 00:02:36

Health: -2/33      AC:  9    Str: 15    XL:     4   Next: 9%
Magic:  8/8        EV: 11    Int: 12    God:
Gold:   96         SH:  0    Dex: 11    Spells: 8/8 levels left

rFire    x . .     SeeInvis .   a - +0 falchion
rCold    + . .     Gourm    .   (no shield)
rNeg     + + +     Faith    .   g - +3 ring mail
rPois    ∞         Spirit   .   (no helmet)
rElec    .         Reflect  .   (no cloak)
rCorr    .         Harm     .   d - +0 pair of gloves (curse)
MR       .....                  (no boots)
Stlth    +.........             (no amulet)
HPRegen  0.11/turn              (no ring)
MPRegen  0.11/turn              (no ring)

@: no status effects
A: no food or potions, fire vulnerability, cold resistance 1, negative energy
resistance 3, torment resistance, unbreathing
a: no special abilities


Innate Abilities, Weirdness & Mutations

You do not eat or drink.
Your flesh is vulnerable to fire.
You are immune to poison.
Your flesh is cold resistant. (rC+)
You are immune to negative energy. (rN+++)
You are immune to unholy pain and torment.
You can survive without breathing.


   Skills:
 - Level 2.0 Fighting
 + Level 3.6 Long Blades
 - Level 0.7 Throwing
 - Level 0.7 Armour
 - Level 1.5 Dodging
 - Level 2.6 Spellcasting
   Level 2.4 Translocations


You had 8 spell levels left.
You didn't know any spells.
Your spell library contained the following spells:

 Spells                   Type           Power        Failure   Level  Hunger
 Blink                    Tloc           N/A          28%         2    N/A
 Shroud of Golubria       Chrm/Tloc      #.....       43%         2    N/A
 Gell's Gravitas          Tloc           #.........   50%         3    N/A
 Lesser Beckoning         Tloc           #.........   50%         3    N/A
 Teleport Other           Tloc           #.......     50%         3    N/A
 Passage of Golubria      Tloc           N/A          88%         4    N/A

Skill      XL: |  1  2 |
---------------+-------+-----
Long Blades    | 2 3 |  3.6
Fighting       | |  2.0
Throwing       | |  0.7
Armour         | |  0.7
Dodging        | |  1.5
Spellcasting   | |  2.6
Translocations | |  2.4

Action                   |  1- 3 |  4- 6 || total
-------------------------+-------+-------++-------
Melee: Falchion          |   152 |     3 ||   155
  Use: Scroll            |     3 |       ||     3
Armor: Leather armour    |     3 |       ||     3
       Ring mail         |    64 |     3 ||    67
Dodge: Dodged            |    93 |     3 ||    96
       Rpst.: Falchion   |    31 |       ||    31

Inventory:

Hand Weapons
 a - a +0 falchion (weapon)
Missiles
 e - 5 boomerangs of dispersal (quivered)
Armour
 b - a +0 leather armour
 c - a +0 ring mail
 d - a cursed +0 pair of gloves (worn)
 g - a +3 ring mail (worn)
Scrolls
 n - a scroll of remove curse
 B - a scroll of blinking


You were on level 3 of the Dungeon.
You were not hungry.

You visited 1 branch of the dungeon, and saw 3 of its levels.

You collected 96 gold pieces.

Dungeon Overview and Level Annotations

Branches:
Dungeon (3/15)

Altars:
Dithmenos
The Shining One

Portals:
Sewer: D:3

Annotations:
D:2 Natasha, Sigmund

.# #.#.#.# #.# .# #.....# #.#
.# .# #.....########.# .# ##
#...........)..# .#
#..)..##.####..####.####
##...###................
##.## ######>........
#####.##########.##..##
#.............@rrw....# ##
#.##########..#######.###....
#.# #..#≈≈≈≈w#.....# #.#
#..#≈≈∩≈≈'.!#### #.#
#..#≈≈≈≈≈#..# # #.#
##.#≈≈≈≈≈#..# # #.#
#.#######..# ###.# #. ....
...# ....# ### ...#


You could see a worm, a river rat and a rat.

Notes
Turn   | Place    | Note
-------+----------+-------------------------------------------
     0 | D:1      | theanonym the Mummy Warper began the quest for the Orb.
     0 | D:1      | Reached XP level 1. HP: 16/16 MP: 4/4
    61 | D:1      | HP: 7/16 [hobgoblin/+0 club (7)]
    62 | D:1      | HP: 1/16 [hobgoblin/+0 club (6)]
   378 | D:1      | Reached skill level 2 in Long Blades
   536 | D:1      | HP: 6/16 [hobgoblin (5)]
   799 | D:1      | Reached XP level 2. HP: 22/22 MP: 5/5
  1538 | D:2      | Found a shadowy altar of Dithmenos.
  1641 | D:2      | HP: 11/22 [adder (1)]
  1642 | D:2      | Reached skill level 3 in Long Blades
  1642 | D:2      | Reached XP level 3. HP: 14/27 MP: 7/7
  2039 | D:2      | Noticed Sigmund
  2039 | D:2      | Noticed Natasha
  2182 | D:3      | Found a glowing golden altar of the Shining One.
  2338 | D:3      | Found a glowing drain.
  2344 | D:3      | HP: 12/27 [river rat (6)]
  2353 | D:3      | HP: 5/27 [river rat (8)]
  2356 | D:3      | Reached XP level 4. HP: 7/33 MP: 8/8
  2361 | D:3      | HP: 5/33 [river rat (2)]
  2362 | D:3      | Slain by a river rat

Vanquished Creatures
  A river rat (D:3)
  An adder (D:2)
  A worm (D:3)
  A dart slug (D:3)
  A leopard gecko (D:3)
  9 bats
  2 giant cockroaches
  3 goblins
  12 hobgoblins
  2 jackals (D:1)
  A ball python (D:3)
  A frilled lizard (D:2)
  8 kobolds
  4 rats
47 creatures vanquished.

Vanquished Creatures (others)
  9 toadstools (D:2)
9 creatures vanquished.

Grand Total: 56 creatures vanquished

Table legend:
 A = Turns spent in this place as a percentage of turns spent in the entire game.
 B = Non-inter-level travel turns spent in this place as a percentage of non-inter-level travel turns spent in the entire game.
 C = Inter-level travel turns spent in this place as a percentage of turns spent in this place.
 D = Turns resting spent in this place as a percentage of non-inter-level travel turns spent in this place.
 E = Turns spent auto-exploring this place as a percentage of non-inter-level travel turns spent in this place.
 F = Non-inter-level travel turns spent in this place divided by the number of levels of this place that you've seen.
                   A       B       C       D       E      F
               +-------+-------+-------+-------+-------+----------------------
         Total | 100.0 | 100.0 |   0.5 |  46.4 |  37.8 | 783.7
       Dungeon | 100.0 | 100.0 |   0.5 |  46.4 |  37.8 | 783.7
               +-------+-------+-------+-------+-------+----------------------
